 Dungeon Crawl Stone Soup version 0.30.1-11-g7821555f0a (webtiles) character file.

Game seed: 3262498323858486958

2096 caec the Martial Artist (level 9, -5/61 HPs)
             Began as a Black Draconian Transmuter on Dec 19, 2023.
             Was an Initiate of Hepliaklqana.
             Slain by Joseph
             ... wielding a +0 quarterstaff
              (12 damage)
             ... on level 7 of the Dungeon.
             The game lasted 00:27:08 (6469 turns).

caec the Martial Artist (DrTm)                      Turns: 6469, Time: 00:27:08

Health: -5/61      AC:  8    Str: 19    XL:     9   Next: 7%
Magic:  9/15       EV: 13    Int: 13    God:    Hepliaklqana [......]
Gold:   362        SH:  0    Dex: 16    Spells: 9/16 levels left

rFire   . .          .
                       - Unarmed
rCold   . . .        (no shield)
rNeg    . . .        (body armour unavailable)
rPois   .            c - melded +1 hat
rElec   +            (no cloak)
rCorr   .            p - +0 pair of gloves
SInv    +            (boots currently unavailable)
Will    .....        (no amulet)
Stlth   +++          m - ring of see invisible
HPRegen 0.30/turn    r - +6 ring of strength
MPRegen 0.14/turn

%: clarity
@: appendages, hasted, very quick
A: horns 2, talons 2, breathe lightning, AC +7, unfitting armour, electricity
resistance, cold-blooded, camouflage 1, clarity, frail 1
a: Breathe Lightning, End Transformation, Renounce Religion


You were on level 7 of the Dungeon.
You worshipped Hepliaklqana.
Hepliaklqana was noncommittal.
You had temporarily grown beastly horns and talons.
You visited 2 branches of the dungeon, and saw 8 of its levels.

You collected 362 gold pieces.

Inventory:

Armour
 c - a +1 hat (melded)
 p - a +0 pair of gloves (worn)
Jewellery
 m - a ring of see invisible (left hand)
 r - a +6 ring of strength (right hand)
Wands
 a - a wand of roots (13)
Scrolls
 d - a scroll of immolation {unknown}
 e - 2 scrolls of poison
 g - 5 scrolls of teleportation
 i - 3 scrolls of magic mapping
 n - a scroll of vulnerability
 q - a scroll of enchant armour {unknown}
 s - a scroll of brand weapon {unknown}
Potions
 f - 5 potions of curing
 j - 2 potions of magic
 k - a potion of resistance
 l - a potion of flight
 o - 2 potions of invisibility {unknown}


   Skills:
 + Level 2.3 Fighting
 + Level 2.3 Throwing
 + Level 3.5 Dodging
 + Level 2.3 Stealth
 * Level 8.2 Unarmed Combat
 + Level 4.4 Spellcasting
 + Level 1.0 Conjurations
 * Level 5.5 Transmutations
 - Level 1.4 Air Magic
 + Level 0.1 Evocations


You had 9 spell levels left.
You knew the following spells:

 Your Spells              Type           Power      Damage    Failure   Level
a - Beastly Appendage     Tmut           34%        N/A       1%          1
b - Wereblood             Tmut           17%        N/A       3%          2
c - Spider Form           Tmut/Pois      10%        N/A       19%         3
d - Shock                 Conj/Air       24%        1d4       12%         1

Your spell library contained the following spells:

 Spells                   Type           Power      Damage    Failure   Level
 Ignite Poison            Fire/Tmut/Pois 7%         N/A       28%         3
 Swiftness                Air            6%         N/A       32%         3
 Call Canine Familiar     Summ           2%         N/A       52%         3
 Ozocubu's Armour         Ice            2%         N/A       52%         3
 Portal Projectile        Hex/Tloc       4%         N/A       52%         3
 Ice Form                 Ice/Tmut       10%        N/A       54%         4
 Airstrike                Air            3%         2d(1-17)  73%         4
 Sticky Flame             Conj/Fire      4%         2d3       85%         4
 Leda's Liquefaction      Hex/Erth       1%         N/A       89%         4
 Metabolic Englaciation   Hex/Ice        1%         N/A       99%         5
 Simulacrum               Ice/Necr       1%         N/A       100%        6
 Ignition                 Fire           1%         3d3       100%        8


Dungeon Overview and Level Annotations

Branches:
Dungeon (7/15)             Temple (1/1) D:6

Altars:
Ashenzari
Cheibriados
Dithmenos
Elyvilon
Fedhas
Gozag
Hepliaklqana
Kikubaaqudgha
Makhleb
Nemelex Xobeh
Okawaru
Qazlal
Ru
Sif Muna
Trog
Uskayaw
Vehumet
Wu Jian
Xom
Yredelemnul
Zin
The Shining One

Annotations:
D:7 Joseph


Innate Abilities, Weirdness & Mutations

You have temporarily grown beastly horns and talons.
You can breathe wild blasts of lightning.
Your glossy black scales are hard. (AC +7)
You cannot fit into any form of body armour.
You are resistant to electric shocks. (rElec)
You are cold-blooded and may be slowed by cold attacks.
Your skin changes colour to match your surroundings (Stealth+).
You possess an exceptional clarity of mind.
You are frail. (-10% HP)


Message History

Aim: Joseph, wielding a +0 sling and wearing a +0 ring mail (moderately wounded, 69% to hit)
The zap misses Joseph.
Joseph shoots a sling bullet.
The sling bullet closely misses you.
Casting: Shock (safe; 12% risk of failure)
Confirm with . or Enter, or press ? or * to list all spells.
Aiming: Shock (safe; 12% risk of failure)
Press: ? - help, Shift-Dir - straight line, f/p - Joseph
Aim: Joseph, wielding a +0 sling and wearing a +0 ring mail (moderately wounded, 69% to hit)
The zap hits Joseph.
Joseph is moderately wounded.
Joseph shoots a sling bullet.
The sling bullet misses you.
Aiming: Fastroot
Press: ? - help, Shift-Dir - straight line, f/p - Joseph
Aim: Joseph, wielding a +0 sling and wearing a +0 ring mail (moderately wounded)
The roots erupt in riotous growth!
Roots grab Joseph.
The grasping roots constrict Joseph.
You hear an angry buzzing noise.
Joseph shoots a sling bullet.
The sling bullet barely misses you.
Casting: Shock (safe; 12% risk of failure)
Confirm with . or Enter, or press ? or * to list all spells.
Aiming: Shock (safe; 12% risk of failure)
Press: ? - help, Shift-Dir - straight line, f/p - Joseph
Aim: Joseph, wielding a +0 sling and wearing a +0 ring mail (moderately wounded, constricted by roots, 100% to hit)
The zap hits Joseph.
Joseph is moderately wounded.
The grasping roots constrict Joseph!
The roots release their grip on Joseph.
Joseph shoots a sling bullet.
The sling bullet hits you!
Joseph shoots a sling bullet.
The sling bullet closely misses you.
Casting: Shock (safe; 12% risk of failure)
Confirm with . or Enter, or press ? or * to list all spells.
You extend your transformation's duration.
Joseph unwields a +0 sling.
Joseph wields a +0 quarterstaff.
Joseph hits you with a +0 quarterstaff.
You hit Joseph. You headbutt Joseph, but do no damage.
Joseph is heavily wounded.
Joseph hits you with a +0 quarterstaff!
* * * LOW HITPOINT WARNING * * *
You feel yourself speed up. Joseph hits you with a +0 quarterstaff!
You die...

...#... ...##.## .#.
#.....###@.....# ...
#.....#.........
$.##..##..........# . ..#
#.............# .. #..
#.@.......##.## ... #.#
##.[)..((....#.
....###.###...#....(().#.
.....#.@#...###.....(.#.
#....@.....#.........
###....#..###........
#.<......# ##.......
#...#.....####.......
##..##......##...y...
#.###.#............. ..
#..(.###........ ....
#.....#.........


You could see Joseph.

Vanquished Creatures
  Maggie (D:7)
  A steam dragon (D:5)
  Duvessa (D:4)
  3 water moccasins
  3 ice beasts (D:6)
  An ogre (D:5)
  A centaur (D:6)
  A phantom (D:6)
  4 scorpions
  Dowan (D:4)
  An orc priest (D:4)
  A hound (D:4)
  A jelly (D:5)
  A sleepcap (D:6)
  4 iguanas
  4 orc wizards
  6 adders
  A shadow imp (D:6)
  3 worms
  16 orcs
  4 ball pythons
  7 bats
  9 endoplasms
  5 giant cockroaches
  7 goblins
  4 hobgoblins
  4 jackals (D:2)
  4 kobolds
  2 quokkas
  4 frilled lizards
  4 rats
109 creatures vanquished.

Vanquished Creatures (others)
  A hound (D:5)
1 creature vanquished.

Grand Total: 110 creatures vanquished

Notes
Turn   | Place    | Note
-------+----------+-------------------------------------------
     0 | D:1      | caec the Draconian Transmuter began the quest for the Orb.
     0 | D:1      | Reached XP level 1. HP: 16/16 MP: 3/3
   250 | D:1      | Reached XP level 2. HP: 23/23 MP: 3/5
   253 | D:1      | Learned a level 2 spell: Wereblood
   813 | D:2      | Reached XP level 3. HP: 28/28 MP: 2/6
  1845 | D:3      | Reached XP level 4. HP: 35/35 MP: 5/7
  1867 | D:3      | Found a blossoming altar of Fedhas.
  2131 | D:4      | Reached skill level 1 in Stealth
  2131 | D:4      | Reached skill level 4 in Unarmed Combat
  2139 | D:3      | Gained mutation: You are frail. (-10% HP) [potion of
                  | mutation]
  2139 | D:3      | Gained mutation: Your skin changes colour to match your
                  | surroundings (Stealth+). [potion of mutation]
  2139 | D:3      | Gained mutation: You possess an exceptional clarity of
                  | mind. [potion of mutation]
  2378 | D:4      | Noticed Duvessa
  2378 | D:4      | Noticed Dowan
  2508 | D:4      | Killed Duvessa
  2509 | D:4      | Reached XP level 5. HP: 36/36 MP: 9/9
  2513 | D:4      | Killed Dowan
  2514 | D:4      | Reached XP level 6. HP: 36/43 MP: 10/10
  2860 | D:4      | Reached skill level 5 in Unarmed Combat
  3508 | D:5      | Entered Level 5 of the Dungeon
  3614 | D:5      | Your scales start taking on a glossy black colour.
  3614 | D:5      | Reached XP level 7. HP: 40/47 MP: 12/12
  3614 | D:5      | Gained mutation: You are resistant to electric shocks.
                  | (rElec) [Black Draconian growth]
  3616 | D:5      | Learned a level 1 spell: Shock
  3620 | D:5      | Learned a level 3 spell: Spider Form
  3917 | D:5      | HP: 2/47 [ogre/+0 giant club (12)]
  3924 | D:5      | Reached skill level 1 in Throwing
  3924 | D:5      | Reached skill level 6 in Unarmed Combat
  4131 | D:5      | Noticed a steam dragon
  4140 | D:5      | Killed a steam dragon
  4426 | D:5      | Reached XP level 8. HP: 38/54 MP: 13/13
  4812 | D:6      | Reached skill level 7 in Unarmed Combat
  4812 | D:6      | Reached skill level 1 in Air Magic
  4896 | D:6      | Found a glowing golden altar of the Shining One.
  4898 | D:6      | Noticed an angel
  5162 | D:6      | Found a staircase to the Ecumenical Temple.
  5178 | D:6      | Reached skill level 1 in Conjurations
  5178 | D:6      | Reached skill level 5 in Transmutations
  5180 | Temple   | Entered the Ecumenical Temple
  5481 | Temple   | Became a worshipper of Hepliaklqana the Forgotten
  5671 | D:6      | Found a basalt altar of Yredelemnul.
  5883 | D:6      | Found a stormy altar of Qazlal.
  5910 | D:6      | Found a sacrificial altar of Ru.
  6130 | D:7      | Noticed Joseph
  6181 | D:7      | Paralysed by Joseph for 3 turns
  6294 | D:7      | Noticed Maggie
  6317 | D:7      | Killed Maggie
  6318 | D:7      | Reached skill level 8 in Unarmed Combat
  6318 | D:7      | Reached XP level 9. HP: 28/61 MP: 15/15
  6469 | D:7      | Slain by Joseph

Illustrated notes

Levels and vault maps discovered:
D:1:      dpeg_arrival_long_road, layout_basic
D:2:      layout_loops_ring
D:3:      layout_rooms, nicolae_overflow_hidden_temple
D:4:      layout_gridville, minmay_quantized, uniq_duvessa
D:5:      layout_loops_ring, reono_crystal_passage
D:6:      layout_loops_cross, grunt_temple_overflow_holy_war,
          mainiacjoe_overflow_two_lobes, minmay_temple_entry_butterflies,
          serial_bayou_crossing
D:7:      layout_cave_pools, uniq_crazy_yiuf_cottage, uniq_maggie, uniq_joseph
Temple:   minmay_temple_bridge_d

Skill      XL: |  1  2  3  4  5  6  7  8 |
---------------+-------------------------+-----
Dodging        | 2 3 |  3.5
Stealth        | 1 2 |  2.3
Unarmed Combat | 4 5 6 8 |  8.2
Spellcasting   | 3 4 |  4.4
Transmutations | 3 4 5 |  5.5
Throwing       | 1 2 |  2.3
Fighting       | 2 |  2.3
Air Magic      | 1 |  1.4
Conjurations   | 1 |  1.0
Evocations     | |  0.1

Action                     |  1- 3 |  4- 6 |  7- 9 || total
---------------------------+-------+-------+-------++-------
  Melee: Unarmed           |   139 |   104 |   125 ||   368
         Kick              |    10 |    12 |    13 ||    35
         Tailslap          |    16 |    13 |    16 ||    45
         Headbutt          |     6 |    10 |     8 ||    24
         Punch             |     1 |     4 |     3 ||     8
  Throw: Dart              |     5 |    16 |    32 ||    53
   Cast: Beastly Appendage |    17 |     9 |    12 ||    38
         Wereblood         |     4 |     5 |     3 ||    12
         Shock             |       |       |    16 ||    16
         Spider Form       |       |       |     1 ||     1
Ability: End Transformatio |     1 |       |     1 ||     2
         Breathe Lightning |       |       |     1 ||     1
  Evoke: Wand              |       |     1 |     6 ||     7
    Use: Scroll            |     3 |     5 |     2 ||    10
         Potion            |       |     4 |     1 ||     5
   Stab: Sleeping          |     1 |       |     2 ||     3
 Armour: Skin              |    43 |    32 |    34 ||   109
  Dodge: Dodged            |    98 |    61 |    76 ||   235
